 Dungeon Crawl Stone Soup version 0.30-a0-381-g6ea064c7b4 (webtiles) character file.

Game seed: 11711226946580669970

60 pouS the Chopper (level 3, 0/34 HPs)
             Began as a Minotaur Berserker on Nov 30, 2022.
             Was a Follower of Trog.
             Slain by an orc wizard
             ... wielding a +0 dagger
              (2 damage)
             ... on level 5 of the Dungeon on Dec 1, 2022.
             The game lasted 00:18:36 (1490 turns).

pouS the Chopper (Minotaur Berserker)               Turns: 1490, Time: 00:18:36

Health: 0/34       AC: 11    Str: 23    XL:     3   Next: 82%
Magic:  2/2        EV:  7    Int:  4    God:    Trog [*.....]
Gold:   66         SH:  0    Dex:  9    Spells: 2/2 levels left

rFire   . . .      SeeInvis .    a - +0 hand axe
rCold   . . .      Faith    .    (no shield)
rNeg    . . .      Spirit   .    i - +0 plate armour
rPois   .          Reflect  .    (helmet restricted)
rElec   .          Harm     .    (no cloak)
rCorr   .          Rampage  .    (no gloves)
Will    .....                    (no boots)
Stlth   ..........               (no amulet)
HPRegen 0.25/turn                (no ring)
MPRegen 0.08/turn                (no ring)

@: confused
A: horns 2, retaliatory headbutt
a: Renounce Religion, Berserk


You were on level 5 of the Dungeon.
You worshipped Trog.
Trog was aware of your devotion.
You visited 1 branch of the dungeon, and saw 5 of its levels.

You collected 66 gold pieces.

Inventory:

Hand Weapons
 a - a +0 hand axe (weapon)
 c - a +0 dagger
 j - a +0 short sword
Missiles
 d - 8 poisoned darts (quivered)
Armour
 b - a +0 animal skin
 f - a +0 robe
 i - a +0 plate armour (worn)
 l - a +0 ring mail
Scrolls
 e - a scroll of brand weapon {unknown}
 g - a scroll of magic mapping {unknown}
 h - a scroll of fear {unknown}
Potions
 k - a potion of resistance {unknown}


   Skills:
 + Level 4.5 Fighting
 + Level 4.5 Axes
 + Level 2.7 Armour
 + Level 2.6 Dodging
 + Level 0.1 Stealth


You had 2 spell levels left.
You didn't know any spells.
Your spell library was empty.

Dungeon Overview and Level Annotations

Branches:
Dungeon (5/15)
 Temple: D:4-7

Altars:

Annotations:
D:4 1 exclusion
D:5 Grinder


Innate Abilities, Weirdness & Mutations

You have a pair of horns on your head.
You reflexively headbutt those who attack you in melee.


Message History

The orc wizard casts a spell.
The orc wizard flickers and vanishes!
The necrophage hits you but does no damage.
Grinder gestures at you.
You barely resist.
The necrophage attacks as you move away!
The necrophage barely misses you. You furiously retaliate!
You headbutt the necrophage!
You hear some strange, mumbled words.
A puff of flame appears from out of thin air!
The puff of flame hits you.
You hear some strange, mumbled words.
Something tries to affect you, but you resist.
You closely miss something. Your headbutt misses something.
Your punch misses something. You miss something.
You completely miss the necrophage. The necrophage closely misses you.
Something hits you but does no damage.
You hear some strange, mumbled words.
A puff of flame appears from out of thin air!
The puff of flame hits you.
* * * LOW HITPOINT WARNING * * *
You barely miss something. x2; You hit the necrophage.
You hit Grinder. You closely miss something. The necrophage hits you.
* * * LOW HITPOINT WARNING * * *
Grinder blinks!
You hear some strange, mumbled words.
You are confused.
You hear some strange, mumbled words.
A magic dart appears from out of thin air!
The magic dart hits you but does no damage.
Something completely misses you.
You miss something. You miss the necrophage. You barely miss something.
You miss something.
The necrophage hits you but does no damage.
Something completely misses you. Something hits you.
* * * LOW HITPOINT WARNING * * *
Something hits you but does no damage.
You miss something. You hit something but do no damage. You miss something.
You barely miss the necrophage. Something hits you.
You die...

.#####..##.. .#
........#..# .#
..........###.##
#........#..... #.
..#.>.........#### ...
..#..............# ....
..#..............##.....
....#..........{n.......
..###..........{@.......
...##...#......{.......#
........#..............#
................5......#
....................#..#
.......#.#..#.....####.#
.......####........ .#
........###........
....<........#.


You could see Grinder and a necrophage.

Vanquished Creatures
  A hound (D:5)
  A shadow imp (D:4)
  A worm (D:4)
  A dart slug (D:4)
  An endoplasm (D:4)
  4 jackals (D:3)
  2 kobolds
  A quokka (D:1)
  3 ball pythons
  2 frilled lizards (D:1)
  2 rats (D:1)
19 creatures vanquished.

Vanquished Creatures (others)
  3 plants (D:1)
3 creatures vanquished.

Grand Total: 22 creatures vanquished

Notes
Turn   | Place    | Note
-------+----------+-------------------------------------------
     0 | D:1      | pouS the Minotaur Berserker began the quest for the Orb.
     0 | D:1      | Reached XP level 1. HP: 19/19 MP: 0/0
  1026 | D:3      | Reached XP level 2. HP: 26/27 MP: 1/1
  1344 | D:4      | Upgraded the game from 0.30-a0-377-g5cb311bc9f to
                  | 0.30-a0-381-g6ea064c7b4
  1344 | D:4      | Reached XP level 3. HP: 25/33 MP: 2/2
  1433 | D:5      | Entered Level 5 of the Dungeon
  1466 | D:5      | Noticed a necrophage
  1482 | D:5      | Noticed Grinder
  1489 | D:5      | HP: 1/34 [something (3)]
  1490 | D:5      | Slain by an orc wizard

Illustrated notes

Levels and vault maps discovered:
D:1:      matt_arrival_spirals, layout_basic, serial_bayou_pond_a
D:2:      layout_loops_corners, hellmonk_ecumenical_altar_defaced_shrine,
          serial_shops, nicolae_shop_advertising_works
          [nicolae_subvault_shop_adworks], kennysheep_donut,
          grunt_ministairs_12, kennysheep_big_empty_room, uniq_sigmund
D:3:      layout_loops_ring, old_standard_altar,
          mainiacjoe_overflow_divided_tiny
D:4:      layout_loops_corners, roderic_roman_lattice, uniq_menkaure,
          uniq_natasha, uniq_pikel
D:5:      layout_cave_pools, okawaru_gym_becter, gup_sewer_entry_glass,
          serial_shops, nicolae_take_the_stairs, hangedman_decor_riveting,
          minmay_a_box_with_orc_wizards_in_it, uniq_grinder

Skill      XL: |  1  2 |
---------------+-------+-----
Fighting       | 4 |  4.5
Axes           | 4 |  4.5
Armour         | |  2.7
Dodging        | |  2.6
Stealth        | |  0.1

Action                   || total
-------------------------++-------
Melee: Hand axe          ||    63
       Headbutt          ||     6
       Punch             ||     1
Invok: Berserk           ||     1
  Use: Scroll            ||     1
Armor: Robe              ||     2
       Animal skin       ||     1
       Plate armour      ||    32
Dodge: Dodged            ||    38

Table legend: (Time is in decaauts)
 A = Elapsed time spent in this place.
 B = Non-inter-level travel time spent in this place.
 C = Inter-level travel time spent in this place.
 D = Time resting spent in this place.
 E = Time spent auto-exploring this place.
 F = Levels seen in this place.
 G = Mean time per level.
                   A        B        C        D        E       F      G
               +--------+--------+--------+--------+--------+-----+--------+
         Total |   1519 |   1313 |    206 |      0 |     88 |   5 |  303.8 |
       Dungeon |   1519 |   1313 |    206 |      0 |     88 |   5 |  303.8 |
               +--------+--------+--------+--------+--------+-----+--------+

Top non-repeatable levels by time:
     D:1: 961 daAuts
     D:4: 363 daAuts
     D:2: 73 daAuts
     D:3: 64 daAuts
     D:5: 57 daAuts
